 Dungeon Crawl Stone Soup version 0.19-a0-713-g934ebc7 (webtiles) character file.

538 shmeve the Skirmisher (level 7, -5/64 HPs)
             Began as a Minotaur Berserker on June 21, 2016.
             Was a Priest of Trog.
             Slain by an ogre
             ... wielding a +0 giant spiked club
              (18 damage)
             ... on level 5 of the Dungeon.
             The game lasted 00:08:55 (4082 turns).

shmeve the Skirmisher (Minotaur Berserker)          Turns: 4082, Time: 00:08:56

Health: -5/64      AC:  7    Str: 23    XL:     7   Next: 5%
Magic:  6/6        EV: 12    Int:  4    God:    Trog [***...]
Gold:   275        SH:  0    Dex: 15    Spells: 0 memorised, 6 levels left

rFire  . . .     SeeInvis .     a - +0 hand axe
rCold  . . .     Gourm    .     o - +0 scale mail
rNeg   . . .     Faith    .     (no shield)
rPois  .         Spirit   .     (helmet restricted)
rElec  .         Dismiss  .     (no cloak)
rCorr  .         Reflect  .     (no gloves)
SustAt .         Harm     .     (no boots)
MR     .....                    (no amulet)
Stlth  ..........               (no ring)
                                x - +5 ring of dexterity

@: exhausted, slowed, very slow, not resistant to hostile enchantments,
extremely unstealthy
A: retaliatory headbutt, horns 2
a: Berserk, Trog's Hand, Burn Spellbooks, Renounce Religion


You were on level 5 of the Dungeon.
You worshipped Trog.
Trog was most pleased with you.
You were not hungry.

You visited 1 branch of the dungeon, and saw 6 of its levels.

You collected 275 gold pieces.

Inventory:

Hand Weapons
 a - a +0 hand axe (weapon)
Missiles
 y - 12 arrows
Armour
 o - a +0 scale mail (worn)
Jewellery
 x - a +5 ring of dexterity (left hand)
Scrolls
 b - a scroll of noise {unknown}
 e - 5 scrolls of amnesia {unknown}
 f - a scroll of enchant weapon {unknown}
 h - a scroll of random uselessness {unknown}
 k - a scroll of enchant armour {unknown}
 l - 4 scrolls of identify {unknown}
 n - 2 scrolls of fog {unknown}
 p - 3 scrolls of remove curse {unknown}
 r - a scroll of teleportation {unknown}
 u - 3 scrolls of recharging {unknown}
 v - a scroll of magic mapping {unknown}
 w - a scroll of blinking {unknown}
Potions
 g - 2 potions of mutation {unknown}
 i - 3 potions of haste {unknown}
 j - 3 potions of heal wounds
 m - 4 potions of curing {unknown}
 q - a potion of lignification {unknown}
 s - 2 potions of degeneration {unknown}
 z - a potion of might {unknown}
Comestibles
 c - 4 bread rations
 t - 2 meat rations


   Skills:
 * Level 6.4 Fighting
 * Level 5.9 Axes
 + Level 4.7 Armour
 + Level 3.8 Dodging


You had 6 spell levels left.
You didn't know any spells.

Dungeon Overview and Level Annotations

Branches:
Dungeon (6/15)             Temple (0/1) D:6

Altars:
Elyvilon
Gozag
Hepliaklqana
Okawaru
Qazlal
Vehumet

Annotations:
D:5 Eustachio


Innate Abilities, Weirdness & Mutations

You reflexively headbutt those who attack you in melee.
You have a pair of horns on your head.


Message History

Eat one of 2 chunks of flesh? (ye/n/q/i?) This raw flesh tastes terrible.
You are no longer glowing.
You continue eating. x2
The ogre barely misses you.
Things that are here:
a short sword; 13 stones; a wand of flame {zapped: 3} Eustachio shouts!
You hit the ogre. Your headbutt misses the ogre.
The ogre is lightly wounded.
The ogre hits you with a giant spiked club!
* * * LOW HITPOINT WARNING * * *
You hit the ogre.
The ogre is lightly wounded.
The ogre hits you but does no damage.
Eustachio gestures wildly while chanting.
You hit the ogre.
The ogre is moderately wounded.
The ogre hits you with a giant spiked club!!
You die...

...... #..# ##.....##
#..# 8## #.......####..#
# ..8###............# ≈
...##...@.r......## ##
.._#.............## ##.
.##......!...(...#####..
#.........####........
#...O@...<# ####.....
######...).....# ###...
)..............## #<..
....##......#...## #..#
...........####..## #..#
..........## ##!.# #.##
.........## #### ###
.#########


You could see Eustachio, an ogre and a rat.

Vanquished Creatures
  Duvessa (D:5)
  2 giant frogs (D:6)
  Dowan (D:5)
  2 iguanas
  A worker ant (D:6)
  Robin (D:2)
  5 adders
  2 oozes
  4 dart slugs
  A giant gecko (D:1)
  8 orcs (D:4)
  5 bats
  3 giant cockroaches
  16 goblins
  11 hobgoblins
  3 jackals (D:4)
  6 kobolds
  2 quokkas
  A ball python (D:1)
  2 giant newts (D:2)
  A quokka skeleton (D:4)
  6 rats
84 creatures vanquished.

Notes
Turn   | Place    | Note
--------------------------------------------------------------
     0 | D:1      | shmeve the Minotaur Berserker began the quest for the Orb.
     0 | D:1      | Reached XP level 1. HP: 19/19 MP: 0/0
   191 | D:1      | Reached XP level 2. HP: 26/27 MP: 1/1
   528 | D:1      | Reached skill level 4 in Fighting
   854 | D:2      | Reached ** piety under Trog
   889 | D:2      | Reached XP level 3. HP: 11/33 MP: 2/2
  1464 | D:2      | Found a stormy altar of Qazlal.
  1466 | D:2      | Noticed a fire elemental
  1466 | D:2      | Noticed a water elemental
  1467 | D:2      | Noticed an air elemental
  1467 | D:2      | Noticed an earth elemental
  1572 | D:2      | Noticed Robin
  1579 | D:2      | Reached XP level 4. HP: 36/41 MP: 3/3
  1582 | D:2      | Killed Robin
  2297 | D:3      | Reached *** piety under Trog
  2341 | D:3      | Reached skill level 5 in Fighting
  2452 | D:3      | You fall through a shaft for 3 floors!
  2452 | D:6      | Noticed a giant frog
  2458 | D:6      | Killed a giant frog
  2458 | D:6      | Reached XP level 5. HP: 46/48 MP: 4/4
  2550 | D:6      | Found a staircase to the Ecumenical Temple.
  2600 | D:6      | Reached skill level 5 in Axes
  2604 | D:6      | Reached XP level 6. HP: 30/57 MP: 5/5
  2909 | D:5      | Entered Level 5 of the Dungeon
  2909 | D:5      | Noticed Eustachio
  2910 | D:5      | Noticed Dowan
  2911 | D:5      | Noticed Duvessa
  2989 | D:3      | Found a faded altar of an unknown god.
  3314 | D:4      | Found a white marble altar of Elyvilon.
  3355 | D:4      | Found a radiant altar of Vehumet.
  3416 | D:4      | Found an iron altar of Okawaru.
  3507 | D:4      | Found an opulent altar of Gozag.
  3507 | D:4      | Found a stormy altar of Qazlal.
  3555 | D:4      | Reached skill level 6 in Fighting
  4051 | D:5      | Found a hazy altar of Hepliaklqana.
  4064 | D:5      | Killed Duvessa
  4073 | D:5      | Killed Dowan
  4073 | D:5      | Reached XP level 7. HP: 25/64 MP: 6/6
  4082 | D:5      | Slain by an ogre

Vault maps used:
D:1:      dpeg_arrival_court
D:2:      nicolae_qazlal_style_of_elements, uniq_robin
D:3:      first_bread, ecumenical_altar_2, roderic_lattice_a
D:4:      marbit_many_paths, lemuel_crystal_altar,
          gammafunk_temple_overflow_elements, okawaru_ov_weapons_minmay
D:5:      lemuel_coloured_pillars_altar, nicolae_overflow_hidden_temple,
          lightli_temple_of_fire, serial_shops, nicolae_shop_overgrown_old_shop,
          uniq_duvessa, uniq_menkaure, uniq_eustachio
D:6:      lemuel_doored_altar, lemuel_crystal_altar,
          minmay_temple_entry_junction

Skill      XL: |  1  2  3  4  5  6 |
---------------+-------------------+-----
Fighting       | 4 5 6 |  6.4
Armour         | 3 4 |  4.7
Axes           | 4 5 |  5.9
Dodging        | 3 |  3.8

Action                   |  1- 3 |  4- 6 |  7- 9 || total
-------------------------+-------+-------+-------++-------
Melee: Hand axe          |    57 |   110 |     3 ||   170
       Headbutt          |     9 |    21 |       ||    30
Invok: Burn Spellbooks   |       |     2 |       ||     2
       Berserk           |       |     1 |       ||     1
  Eat: Chunk             |     2 |     6 |     1 ||     9
       Pizza             |       |     1 |       ||     1
Armor: Animal skin       |     3 |       |       ||     3
       Scale mail        |    16 |    50 |     1 ||    67
Dodge: Dodged            |    48 |    73 |     1 ||   122
